 Seeded DCSS version 0.29-a0-72-g1732ff48e7 (webtiles) character file.

Game seed: 10000000000011 (custom seed)

24056 knot the Severer (level 12, 81/81 HPs)
             Began as a Demonspawn Berserker on Feb 4, 2022.
             Was a Believer of Trog.
             Quit the game on level 3 of the Lair of Beasts.
             The game lasted 00:28:33 (20501 turns).

knot the Severer (Demonspawn Berserker)            Turns: 20501, Time: 00:28:34

Health: 81/81      AC: 14    Str: 17    XL:     12   Next: 77%
Magic:  22/22      EV:  8    Int: 18    God:    Trog [**....]
Gold:   432        SH:  5    Dex: 14    Spells: 11/11 levels left

rFire   . . .      SeeInvis .   D - +0 battleaxe (protect)
rCold   + . .      Faith    .   (shield currently unavailable)
rNeg    . . .      Spirit   +   M - +1 chain mail of Urghimes {Fly rPois rC+ Slay-2 Stlth+}
rPois   +          Reflect  +   C - +3 hat of Pondering {ponderous, Will+ MP+10 Int+5}
rElec   .          Harm     .   J - +1 cloak {Stlth+}
rCorr   .          Rampage  .   (gloves unavailable)
Will    ++...                   (no boots)
Stlth   +.........              d - amulet of reflection
HPRegen 0.23/turn               H - ring of willpower
MPRegen 0.36/turn               (no ring)

@: flying, slow
A: powered by death 1, magic shield, magic regeneration, magic link, sturdy
frame 1, demonic touch 3
a: Renounce Religion, Berserk, Trog's Hand


You were on level 3 of the Lair of Beasts.
You worshipped Trog.
Trog was pleased with you.
You visited 3 branches of the dungeon, and saw 13 of its levels.

You collected 772 gold pieces.
You spent 340 gold pieces at shops.

Inventory:

Hand Weapons
 x - a +3 scimitar of flaming
 D - a +0 battleaxe of protection (weapon)
 O - a +3 hand axe
Missiles
 f - 276 stones (quivered)
 i - 5 poisoned darts
 y - 22 sling bullets
 A - a throwing net
 F - a curare-tipped dart
Armour
 s - a +2 robe of fire resistance
 C - the +3 hat of Pondering (worn) {ponderous, Will+ MP+10 Int+5}
   (You found it on level 8 of the Dungeon)

   Int:       It affects your intelligence (+5).
   MP:        It affects your magic capacity (+10).
   Will:      It increases your willpower.
 E - a +2 robe of cold resistance
 J - a +1 cloak of stealth (worn)
 M - the +1 chain mail of Urghimes (worn) {Fly rPois rC+ Slay-2 Stlth+}
   (You bought it in a shop on level 3 of the Dungeon)

   Slay:      It affects your accuracy & damage with ranged weapons and melee
   (-2).
   rC:        It protects you from cold.
   rPois:     It protects you from poison.
   Fly:       It grants you flight.
   Stlth:     It makes you more stealthy.
Jewellery
 d - an amulet of reflection (around neck)
 H - a ring of willpower (left hand)
 L - an amulet of the acrobat
 N - a +6 ring of dexterity
 Q - a ring of resist corrosion
Wands
 o - a wand of polymorph (14)
 q - a wand of flame (26)
 r - a wand of charming (1)
 v - a wand of iceblast (13)
Scrolls
 c - 2 scrolls of amnesia
 k - a scroll of acquirement
 m - 3 scrolls of blinking
 n - 2 scrolls of fog
 t - 2 scrolls of holy word
 u - 3 scrolls of teleportation
 G - a scroll of magic mapping
 K - a scroll of torment
Potions
 a - a potion of berserk rage {unknown}
 b - 2 potions of brilliance {unknown}
 e - 7 potions of curing
 g - a potion of lignification {unknown}
 h - a potion of might {unknown}
 j - a potion of magic {unknown}
 l - a potion of heal wounds {unknown}
 p - a potion of flight {unknown}
 w - 2 potions of resistance {unknown}
 z - a potion of invisibility {unknown}
 B - 2 potions of attraction {unknown}
 P - a potion of cancellation {unknown}


   Skills:
 - Level 3.0 Fighting
 * Level 15.7 Axes
 * Level 12.4 Throwing
 - Level 1.7 Armour
 - Level 1.7 Dodging


You had 11 spell levels left.
You didn't know any spells.
Your spell library contained the following spells:

 Spells                   Type           Power      Damage    Failure   Level
 Pain                     Necr           0%         1d4       87%         1
 Sandblast                Erth           0%         2d4       87%         1
 Corpse Rot               Necr/Air       0%         N/A       95%         2
 Ensorcelled Hibernation  Hex/Ice        0%         N/A       95%         2
 Passwall                 Tmut/Erth      0%         N/A       95%         2
 Poisonous Vapours        Pois/Air       0%         N/A       95%         2
 Ozocubu's Armour         Ice            0%         N/A       99%         3
 Stone Arrow              Conj/Erth      0%         3d7       99%         3
 Summon Guardian Golem    Hex/Summ       0%         N/A       99%         3
 Swiftness                Air            0%         N/A       99%         3
 Tukima's Dance           Hex            0%         N/A       99%         3
 Anguish                  Hex/Necr       0%         N/A       100%        4
 Agony                    Necr           0%         N/A       100%        5
 Excruciating Wounds      Necr           0%         N/A       100%        5
 Metabolic Englaciation   Hex/Ice        0%         N/A       100%        5
 Simulacrum               Ice/Necr       0%         N/A       100%        6
 Enfeeble                 Hex            0%         N/A       100%        7
 Orb of Destruction       Conj           0%         9d5       100%        7
 Spellforged Servitor     Conj/Summ      0%         N/A       100%        7


Dungeon Overview and Level Annotations

Branches:
Dungeon (9/15)             Temple (1/1) D:4            Lair (3/6) D:9
  Swamp (0/4) Lair:2       Spider (0/4) Lair:3
    Orc: D:9-12

Altars:
Okawaru
Qazlal
Ru
Uskayaw

Shops:
D:3 [   D:8 :

Annotations:
Lair:3 3 runed translucent doors, IdlyInterested's ghost, journeyman DsMo; testman's ghost, journeyman KoDe


Innate Abilities, Weirdness & Mutations

You regenerate a little health from kills.
When hurt, damage is shared between your health and your magic reserves.
You regenerate magic rapidly.
When low on magic, you restore magic in place of health.
Your movements are slightly less encumbered by armour. (ER -2)
Your touch may irresistibly damage your foes and sap their willpower.


Message History

You hit the elephant.
The elephant tramples you but does no damage.
The elephant trunk-slaps you but does no damage.
You slash the elephant!
The elephant is almost dead.
The elephant tramples you but does no damage.
The elephant trunk-slaps you.
You slice the elephant!!
You kill the elephant!
Trog accepts your kill.
No target in view!
No target in view!
Magic restored.
HP restored.
Found a hunting sling.
f - 270 stones (gained 1)
f - 272 stones (gained 2)
f - 274 stones (gained 2)
f - 276 stones (gained 2)
You see here a +2 troll leather armour {Snorg}.
Key pressed, stopping explore.
There is a stone staircase leading up here.
Testman's ghost turns its malevolent gaze towards you.
Testman's ghost wails, "You will join me soon!"
Could not explore, unopened runed door.
Press: ? - help, v - describe, . - travel
Here: testman's ghost, wielding a weapon of venom (fire blocked by a translucent stone wall)
The floor.
Unknown command.
Unknown command.
Unknown command.
Could not explore, unopened runed door.
Could not explore, unopened runed door.
Could not explore, unopened runed door.
Could not explore, unopened runed door.
Could not explore, unopened runed door.
Could not explore, unopened runed door.
This is a scroll of acquirement!
Unknown command.
Are you sure you want to abandon this character and quit the game? (Confirm with "yes".)

##........###### ##.#...#.##
#P........##=.⌠..## #####.##.#
.......#.##8.....8############
.....#####........!#.#.##
.....###.#.........#....#########
.#....#.##⌠.......⌠#.............
####...###......WW.#.............
.# ##...#####+++####.............
P# ##..........@........<....##.
## #P...#................#####.
## #.....###.............####..
P# ####.P# ####........####....
## #.## ##.P...######...# #..#
#...######.^..## ##.# ##.##
#P......## #..## #######.......#
##..## ###.##.......##


You could see IdlyInterested's ghost and testman's ghost.

Vanquished Creatures
  Snorg (Lair:3)
  2 hydras
  Harold (D:8)
  Erica (D:8)
  A two-headed ogre (D:8)
  The ghost of Dormantt the Thaumaturge, a novice DEFE of Vehumet (D:8)
  8 elephants
  2 black mambas
  Joseph (D:7)
  Maggie (Lair:1)
  9 cane toads
  5 komodo dragons
  A kobold demonologist (D:5)
  Prince Ribbit (D:8)
  4 dream sheep (Lair:1)
  9 blink frogs
  17 yaks
  2 basilisks
  An acid dragon (D:9)
  8 water moccasins
  3 orc warriors
  2 black bears
  A necrophage (D:6)
  An ice beast (D:7)
  23 wolves
  4 ogres
  A centaur (D:8)
  A boggart (D:4)
  A phantom (D:6)
  A kobold brigand (D:7)
  7 scorpions
  2 wyvern zombies (D:7)
  7 bullfrogs
  A wyvern skeleton (D:7)
  8 killer bees
  6 wights
  5 howler monkeys
  2 centaur zombies
  3 orc priests
  3 hounds
  2 jellies
  2 bullfrog skeletons
  3 centaur skeletons
  3 orc wizards (D:9)
  A scorpion zombie (D:5)
  7 adders
  A shadow imp (D:7)
  A white imp (D:5)
  20 orcs
  6 endoplasms
  2 giant cockroaches
  5 goblins
  5 hobgoblins
  14 jackals
  A quokka (D:4)
  4 ball pythons
  7 bats
  5 frilled lizards
  7 kobolds
  5 rats
259 creatures vanquished.

Vanquished Creatures (collateral kills)
  A wight (D:7)
1 creature vanquished.

Vanquished Creatures (others)
  2 wights (D:7)
  An orc wizard (D:7)
  19 fungi
  8 plants
  6 withered plants (Lair:3)
36 creatures vanquished.

Grand Total: 296 creatures vanquished

Notes
Turn   | Place    | Note
-------+----------+-------------------------------------------
     0 | D:1      | knot the Demonspawn Berserker began the quest for the Orb.
     0 | D:1      | Reached XP level 1. HP: 18/18 MP: 1/1
    69 | D:1      | Reached skill level 3 in Axes
   479 | D:1      | Gained mutation: You regenerate magic rapidly. [demonic
                  | ancestry]
   479 | D:1      | Reached XP level 2. HP: 24/24 MP: 2/2
  1924 | D:2      | Gained mutation: Your touch may inflict minor irresistible
                  | damage on your foes. [demonic ancestry]
  1924 | D:2      | Reached XP level 3. HP: 29/29 MP: 3/3
  1994 | D:2      | Reached skill level 4 in Axes
  2580 | D:2      | Reached XP level 4. HP: 33/35 MP: 4/4
  2875 | D:3      | Noticed an ogre
  2883 | D:3      | Killed an ogre
  2884 | D:3      | Reached skill level 5 in Axes
  2884 | D:3      | Reached XP level 5. HP: 9/41 MP: 5/5
  3192 | D:3      | Found Daocsar's Antique Armour Emporium.
  3654 | D:4      | Reached skill level 6 in Axes
  3732 | D:4      | Found a staircase to the Ecumenical Temple.
  3746 | D:4      | Noticed Dowan
  3774 | D:4      | Gained mutation: Your touch may inflict irresistible damage
                  | on your foes. [demonic ancestry]
  3774 | D:4      | Reached XP level 6. HP: 24/47 MP: 6/6
  3807 | Temple   | Entered the Ecumenical Temple
  4017 | D:4      | Reached ** piety under Trog
  4027 | D:4      | Noticed Duvessa
  4065 | D:4      | Noticed Duvessa
  4065 | D:4      | Duvessa changed into Duvessa the scorpion
  4069 | D:4      | Killed Duvessa the scorpion
  4133 | D:4      | Noticed Ijyb
  4134 | D:4      | Noticed Ijyb
  4134 | D:4      | Ijyb changed into Ijyb the howler monkey
  4135 | D:4      | Noticed Dowan
  4135 | D:4      | Dowan changed into Dowan the boggart
  4147 | D:4      | Killed Ijyb the howler monkey
  4158 | D:4      | Killed Dowan the boggart
  4159 | D:4      | Reached skill level 7 in Axes
  4753 | D:5      | Entered Level 5 of the Dungeon
  4762 | D:5      | Noticed a kobold demonologist
  4764 | D:5      | Noticed a rust devil
  4766 | D:5      | Noticed a soul eater
  4775 | D:5      | Killed a kobold demonologist
  4776 | D:5      | Reached skill level 8 in Axes
  4776 | D:5      | Gained mutation: When hurt, damage is shared between your
                  | health and your magic reserves. [demonic ancestry]
  4776 | D:5      | Reached XP level 7. HP: 51/52 MP: 7/7
  5380 | D:5      | Reached skill level 9 in Axes
  5380 | D:5      | Gained mutation: You regenerate a little health from kills.
                  | [demonic ancestry]
  5380 | D:5      | Reached XP level 8. HP: 24/58 MP: 2/8
  6027 | D:5      | Found a hide-covered altar of Uskayaw.
  6331 | D:6      | Reached skill level 10 in Axes
  6496 | D:6      | Reached skill level 1 in Throwing
  7332 | D:6      | Found an iron altar of Okawaru.
  7965 | D:7      | Gained mutation: Your touch may irresistibly damage your
                  | foes and sap their willpower. [demonic ancestry]
  7965 | D:7      | Reached XP level 9. HP: 63/63 MP: 9/9
  8285 | D:7      | Noticed Joseph
  8301 | D:7      | Killed Joseph
  8302 | D:7      | Reached skill level 11 in Axes
  8446 | D:7      | Found a sacrificial altar of Ru.
  8684 | D:8      | Noticed Harold
  8691 | D:8      | Killed Harold
  8692 | D:8      | Reached skill level 5 in Throwing
  9151 | D:8      | Noticed a two-headed ogre
  9163 | D:8      | Killed a two-headed ogre
  9164 | D:8      | Reached XP level 10. HP: 45/70 MP: 3/10
  9408 | D:8      | Found the +3 hat of Pondering {ponderous, Will+ MP+10
                  | Int+5}
  9511 | D:8      | Reached skill level 12 in Axes
  9671 | D:8      | Found Yhyquem's Self-Improvement Boutique.
  9789 | D:8      | Found a large runed translucent door.
  9789 | D:8      | Found a large runed translucent door.
  9790 | D:8      | Noticed Dormantt's ghost (novice DEFE)
  9814 | D:8      | Noticed Prince Ribbit
  9822 | D:8      | Killed Prince Ribbit
  9891 | D:8      | Noticed Erica
  9910 | D:8      | Killed Erica
 10282 | D:8      | Killed Dormantt's ghost
 11257 | D:9      | Reached skill level 13 in Axes
 11750 | D:9      | Found a staircase to the Lair.
 12447 | D:3      | Bought a runed cloak for 150 gold pieces
 12447 | D:3      | Bought an ichor-stained chain mail for 190 gold pieces
 12447 | D:3      | Identified the +1 chain mail of Urghimes {Fly rPois rC+
                  | Slay-2 Stlth+} (You bought it in a shop on level 3 of the
                  | Dungeon)
 12610 | Lair:1   | Entered Level 1 of the Lair of Beasts
 12620 | Lair:1   | Noticed a black mamba
 12634 | Lair:1   | Killed a black mamba
 12713 | Lair:1   | Noticed a cane toad
 12724 | Lair:1   | Killed a cane toad
 12725 | Lair:1   | Gained mutation: Your movements are slightly less
                  | encumbered by armour. (ER -2) [demonic ancestry]
 12725 | Lair:1   | Reached XP level 11. HP: 75/75 MP: 11/11
 13207 | Lair:1   | Noticed Maggie
 13243 | Lair:1   | Killed Maggie
 14300 | Lair:1   | Noticed a five-headed hydra
 14313 | Lair:1   | Killed a three-headed hydra
 14314 | Lair:1   | Reached skill level 14 in Axes
 14314 | Lair:1   | Reached skill level 10 in Throwing
 16098 | Lair:2   | Gained mutation: When low on magic, you restore magic in
                  | place of health. [demonic ancestry]
 16098 | Lair:2   | Reached XP level 12. HP: 70/81 MP: 12/12
 16273 | Lair:2   | Reached *** piety under Trog
 16475 | Lair:2   | Found a staircase to the Swamp.
 16653 | Lair:2   | Noticed a six-headed hydra
 16663 | Lair:2   | Killed a five-headed hydra
 17635 | Lair:3   | Reached skill level 15 in Axes
 18728 | Lair:3   | Noticed Snorg
 18755 | Lair:3   | Killed Snorg
 18918 | Lair:3   | Found a hole to the Spider Nest.
 18925 | Lair:3   | Noticed a seven-headed hydra
 19395 | Lair:3   | Found a runed translucent gate.
 19395 | Lair:3   | Found a runed translucent gate.
 19396 | Lair:3   | Found a runed translucent gate.
 19768 | Lair:3   | Noticed IdlyInterested's ghost (journeyman DsMo)
 19769 | Lair:3   | Noticed testman's ghost (journeyman KoDe)
 20501 | Lair:3   | Identified a scroll of acquirement
 20501 | Lair:3   | Quit the game

Illustrated notes

Levels and vault maps discovered:
D:1:      lordsloth_arrival_two_stooges, layout_basic, grunt_decor_fettered,
          minmay_misc_feat_diagonals, nicolae_concentric_dashed_squares_wild
D:2:      layout_rooms, hangedman_decor_clover_reticule
D:3:      layout_basic, serial_shops, shop, kennysheep_path_1
D:4:      layout_rooms, temple_doors_e, uniq_duvessa, uniq_ijyb
D:5:      layout_loops_cross, nicolae_uskayaw_suspiria, item_on_display_a
D:6:      layout_rooms, nicolae_overflow_hidden_temple, grunt_ministairs_6
D:7:      layout_loops_ring, nicolae_ru_awakened_eye, palyth_stone_intersect,
          minmay_misc_feat_alley, minivault_27, uniq_joseph
D:8:      layout_loops_ring, ebering_ghost_disaster_area,
          nicolae_shop_self_help, uniq_harold, uniq_erica, uniq_prince_ribbit1
D:9:      layout_grid_maze, grunt_lair_entry_orc_guard_hut
Temple:   dshaligram_water_room_temple
Lair:1:   layout_small_grid, minivault_27, grunt_forest_small_clearing_treed,
          uniq_maggie
Lair:2:   layout_cave_pods, swamp_mist_pool
Lair:3:   layout_cave_pods, dummy_spider_entry, gammafunk_ghost_cemetery,
          beast_lair_carwin_4, uniq_snorg

Skill      XL: |  1  2  3  4  5  6  7  8  9 10 11 12 |
---------------+-------------------------------------+-----
Axes           | 3 4 5 6 8 9 10 11 13 14 15 | 15.7
Throwing       | 3 6 8 10 12 | 12.4
Fighting       | |  3.0
Armour         | |  1.7
Dodging        | |  1.7

Action                   |  1- 3 |  4- 6 |  7- 9 | 10-12 || total
-------------------------+-------+-------+-------+-------++-------
Melee: Hand axe          |   118 |    90 |   208 |   566 ||   982
       Touch             |     8 |    15 |    51 |    95 ||   169
       Punch             |       |     1 |     3 |    13 ||    17
       Scimitar          |       |       |       |    16 ||    16
       Battleaxe         |       |       |       |   184 ||   184
Throw: Stone             |       |     3 |     4 |    54 ||    61
       Boomerang         |       |       |    38 |    94 ||   132
       Dart              |       |       |       |    24 ||    24
       Throwing net      |       |       |       |     1 ||     1
Invok: Berserk           |     2 |     6 |    13 |    23 ||    44
       Trog's Hand       |       |       |     1 |     1 ||     2
Evoke: Wand              |       |     3 |     8 |     2 ||    13
  Use: Scroll            |       |       |       |    15 ||    15
       Potion            |       |       |       |     1 ||     1
 Stab: Sleeping          |       |     2 |       |       ||     2
       Paralysed         |       |       |       |     2 ||     2
Armor: Animal skin       |    42 |    11 |       |       ||    53
       Robe              |       |     1 |    26 |    27 ||    54
       Chain mail        |       |       |       |   309 ||   309
Dodge: Dodged            |   116 |    44 |    79 |   254 ||   493
Block: Other             |       |     3 |    38 |   143 ||   184
       Reflection        |       |       |     2 |       ||     2

Table legend: (Time is in decaauts)
 A = Elapsed time spent in this place.
 B = Non-inter-level travel time spent in this place.
 C = Inter-level travel time spent in this place.
 D = Time resting spent in this place.
 E = Time spent auto-exploring this place.
 F = Levels seen in this place.
 G = Mean time per level.
                   A        B        C        D        E       F      G
               +--------+--------+--------+--------+--------+-----+--------+
         Total |  21092 |  20293 |    799 |   9022 |   8879 |  13 | 1622.5 |
       Dungeon |  13002 |  12407 |    595 |   5158 |   5895 |   9 | 1444.7 |
        Temple |    170 |    170 |      0 |    169 |      0 |   1 |  170.0 |
          Lair |   7919 |   7715 |    204 |   3695 |   2983 |   3 | 2639.7 |
               +--------+--------+--------+--------+--------+-----+--------+

Top non-repeatable levels by time:
  Lair:2: 3133 daAuts
  Lair:3: 2682 daAuts
  Lair:1: 2103 daAuts
     D:8: 2053 daAuts
     D:9: 1987 daAuts
     D:1: 1931 daAuts
     D:5: 1688 daAuts
     D:7: 1418 daAuts
     D:4: 1079 daAuts
     D:6: 1074 daAuts
     D:3: 917 daAuts
     D:2: 853 daAuts
  Temple: 170 daAuts
